 Dungeon Sprint DCSS version 0.31.0-32-g396128a36d (webtiles) character file.

Game seed: 18048657719790008056

3 James the Shooter (level 1, -1/16 HPs)
             Began as a Draconian Hexslinger on Mar 16, 2024.
             Killed by nerve-wracking pain
             ... invoked by Jessica
              (9 damage)
             ... in the Dungeon (Sprint III: "The Ten Rune Challenge").
             The game lasted 00:00:43 (70 turns).

James the Shooter (Draconian Hexslinger)              Turns: 70, Time: 00:00:43

Health: -1/16      AC:  4    Str: 10    XL:     1   Next: 41%
Magic:  2/2        EV: 12    Int: 13    God:
Gold:   0          SH:  0    Dex: 13    Spells: 2/2 levels left

rFire   . . .        a - +1 sling
rCold   . . .        (no shield)
rNeg    . . .        (body armour unavailable)
rPois   .            (helmet restricted)
rElec   .            (no cloak)
rCorr   .            (no gloves)
SInv    .            (no boots)
Will    .....        (no amulet)
Stlth   +            (no ring)
HPRegen 0.22/turn    (no ring)
MPRegen 0.08/turn

%: no teleportation
@: no status effects
A: AC +4, unfitting armour, cold-blooded
a: no special abilities


You were in the Dungeon.
You visited 1 branch

Inventory:

Hand Weapons
 a - a +1 sling (weapon)
Scrolls
 b - a scroll of poison {!r}
 h - a scroll of blinking
Potions
 c - a potion of curing {@q1}
 d - a potion of heal wounds {@q2}
 e - a potion of haste {@q3}
 f - 2 potions of magic
 g - a potion of berserk rage


   Skills:
 - Level 1.1 Fighting
 + Level 3.2 Ranged Weapons
 - Level 1.7 Dodging
 - Level 1.0 Spellcasting
 - Level 2.6 Hexes
 - Level 1.0 Fire Magic


You had 2 spell levels left.
You didn't know any spells.
Your spell library contained the following spells:

 Spells                   Type           Power      Damage    Failure   Level
 Jinxbite                 Hex            14%        N/A       14%         2
 Sigil of Binding         Hex            7%         N/A       28%         3
 Inner Flame              Hex/Fire       5%         N/A       36%         3
 Cause Fear               Hex            3%         N/A       67%         4
 Dimensional Bullseye     Hex/Tloc       2%         N/A       85%         4


Dungeon Overview and Level Annotations

Branches:
Dungeon (1/1)

Altars:

Annotations:
D Jessica


Innate Abilities, Weirdness & Mutations

Your plain brown scales are hard. (AC +4)
You cannot fit into any form of body armour.
You are cold-blooded and may be slowed by cold attacks.


Message History

You start resting.
Found a helmet.
A rat comes into view.
You shoot a sling bullet. The sling bullet hits the rat.
You kill the rat!
No target in view!
Jessica the Apprentice Sorceress comes into view.
She is wielding a +0 club.
You see here a rat corpse.
You shoot a sling bullet.
The sling bullet closely misses Jessica.
You shoot a sling bullet. The sling bullet hits Jessica.
You shoot a sling bullet.
The sling bullet completely misses Jessica.
Jessica gestures at you while chanting. You resist with significant effort.
You shoot a sling bullet. The sling bullet barely misses Jessica.
Jessica casts a spell.
Jessica blinks!
You shoot a sling bullet. The sling bullet barely misses Jessica.
You shoot a sling bullet.
The sling bullet closely misses Jessica.
You shoot a sling bullet. The sling bullet barely misses Jessica.
You shoot a sling bullet.
The sling bullet hits Jessica but does no damage.
Jessica closely misses you. Jessica hits you with a +0 club.
You shoot a sling bullet.
The sling bullet hits Jessica but does no damage.
Jessica hits you with a +0 club.
* * * LOW HITPOINT WARNING * * *
You are too injured to fight recklessly!
Fire: a) +1 sling
Press: ? - help, Q - select action Shift-Dir - straight line, f/p - Jessica
Aim: Jessica, wielding a +0 club and wearing a +0 robe (heavily wounded, 56% to hit)
You shoot a sling bullet. The sling bullet hits Jessica.
Jessica barely misses you.
Fire: a) +1 sling
Press: ? - help, Q - select action Shift-Dir - straight line, f/p - Jessica
Aim: Jessica, wielding a +0 club and wearing a +0 robe (almost dead, 56% to hit)
You shoot a sling bullet.
The sling bullet closely misses Jessica.
Jessica hits you with a +0 club.
* * * LOW HITPOINT WARNING * * *
Fire: a) +1 sling
Press: ? - help, Q - select action Shift-Dir - straight line, f/p - Jessica
Aim: Jessica, wielding a +0 club and wearing a +0 robe (almost dead, 56% to hit)
You shoot a sling bullet. The sling bullet barely misses Jessica.
Jessica gestures at you while chanting. Pain shoots through your body!
Ouch! That really hurt!
You die...

▓▓▓▓▓▓▓▓▓
▓<..#[..####
▓...#......##
▓..##.......#
▓##.##.##..@#
##.##.###.@#
▓#.####.##..#
▓.###..##..##
▓#.....##..#
###..##...#
##..##....#
#..###..##
#[.#


You could see Jessica.

Vanquished Creatures
  2 endoplasms (D)
  A rat (D)
3 creatures vanquished.

Notes
Turn   | Place    | Note
-------+----------+-------------------------------------------
     0 | D        | James the Draconian Hexslinger began the quest for the Orb.
     0 | D        | Reached XP level 1. HP: 16/16 MP: 2/2
     9 | D        | Reached skill level 2 in Ranged Weapons
    16 | D        | Reached skill level 3 in Ranged Weapons
    58 | D        | Noticed Jessica
    70 | D        | Killed from afar by Jessica

Illustrated notes

Levels and vault maps discovered:
D:        dungeon_sprint_mu [sprint_mu_entry_cave, sprint_mu_temple_rooms,
          sprint_mu_d1_horrors, sprint_mu_d2_genie, sprint_mu_d3_branching,
          sprint_mu_orc_legion, sprint_mu_elf_gauntlet, sprint_mu_hive_nellie,
          sprint_mu_lair_fedhas, sprint_mu_vaults_butterflies,
          sprint_mu_slime_circle, sprint_mu_swamp_cave, sprint_mu_shoals_archi,
          sprint_mu_blade_basic, sprint_mu_crypt_fortress,
          sprint_mu_tomb_spiral, sprint_mu_vestibule_basic,
          sprint_mu_gehenna_hellfire, sprint_mu_dis_giant,
          sprint_mu_tartarus_statrot, sprint_mu_cocytus_islands, sprint_mu_zot1]

Skill      XL: |  1 |
---------------+----+-----
Ranged Weapons | 3 |  3.2
Fighting       | |  1.1
Dodging        | |  1.7
Spellcasting   | |  1.0
Hexes          | |  2.6
Fire Magic     | |  1.0

Action                     || total
---------------------------++-------
   Fire: Sling             ||    20
 Armour: Skin              ||     4
  Dodge: Dodged            ||     5
